 Dungeon Crawl Stone Soup version 0.21.0-3-g78d12a8 (webtiles) character file.

166850 tilp the Devastator (level 17, -5/161 HPs)
             Began as a Pale Draconian Conjurer on Jan 13, 2018.
             Was the Champion of Vehumet.
             Slain by a wolf spider (22 damage)
             ... on level 1 of the Spider Nest.
             The game lasted 03:22:10 (44365 turns).

tilp the Devastator (Pale Draconian Conjurer)      Turns: 44365, Time: 03:22:13

Health: -5/161     AC: 18    Str: 10    XL:     17   Next: 30%
Magic:  12/35      EV: 17    Int: 30    God:    Vehumet [******]
Gold:   53         SH:  0    Dex: 12    Spells: 1/44 levels left

rFire    + . .     SeeInvis .   a - +4 eveningstar (venom)
rCold    + . .     Gourm    .   (no shield)
rNeg     . . .     Faith    .   (armour unavailable)
rPois    .         Spirit   .   U - +2 hat
rElec    .         Reflect  .   P - scarf {rC+ rF+}
rCorr    .         Harm     .   W - +1 pair of gloves "Ketzi" {Int+7}
MR       ++...                  p - +2 pair of boots
Stlth    ++++......             G - amulet of regeneration
HPRegen  1.76/turn              Y - +2 ring of protection
MPRegen  0.24/turn              j - ring of protection from magic

@: lethally poisoned (-5 -> -25), regenerating
A: breathe steam, unfitting armour, cold-blooded, AC +9
a: Breathe Steam, Renounce Religion


You were on level 1 of the Spider Nest.
You worshipped Vehumet.
Vehumet was exalted by your worship.
You were not hungry.

You visited 6 branches of the dungeon, and saw 29 of its levels.
You also visited: Labyrinth, Trove, Sewer and Volcano.

You collected 2890 gold pieces.
You spent 2837 gold pieces at shops.

Inventory:

Hand Weapons
 a - a +4 eveningstar of venom (weapon)
Missiles
 F - 2 throwing nets (quivered)
Armour
 p - a +2 pair of boots (worn)
 P - a scarf of resistance (worn)
 U - a +2 hat (worn)
 W - the +1 pair of gloves "Ketzi" (worn) {Int+7}
   (You found it on level 14 of the Dungeon)

   It affects your intelligence (+7).
Magical Staves
 b - an uncursed staff of conjuration
Jewellery
 j - a ring of protection from magic (right hand)
 o - an uncursed ring of flight
 y - the ring of Palomiy {+Fly rPois rF- rC+++ Dex-5}
   (You took it off Maurice on level 13 of the Dungeon)

   [ring of dexterity]

   It affects your dexterity (-5).
   It makes you vulnerable to fire.
   It renders you almost immune to cold.
   It protects you from poison.
   It lets you fly.
 G - an amulet of regeneration (around neck)
 S - an uncursed ring of see invisible
 Y - a +2 ring of protection (left hand)
Wands
 k - a wand of scattershot (5)
 m - a wand of paralysis (28)
 D - a wand of digging (21)
 H - a wand of disintegration (13)
 K - a wand of acid (55)
 M - a wand of iceblast (35)
 Q - a wand of polymorph (43)
Scrolls
 e - 3 scrolls of amnesia
 l - 2 scrolls of enchant armour
 n - 11 scrolls of teleportation
 r - 9 scrolls of enchant weapon
 s - 13 scrolls of remove curse
 w - 4 scrolls of magic mapping
 z - 4 scrolls of identify
 C - 5 scrolls of fog
 E - 2 scrolls of fear
 Z - 6 scrolls of blinking
Potions
 d - 5 potions of cancellation
 f - 7 potions of curing
 g - 2 potions of might
 h - 2 potions of invisibility
 i - a potion of magic
 t - 2 potions of ambrosia
 v - 2 potions of agility
 x - a potion of resistance
 B - 6 potions of flight
 I - 3 potions of berserk rage
 N - 4 potions of haste
Books
 u - a book of Fire

   Spells                             Type                      Level
   a - Ignite Poison                  Fire/Transmutation/Poison    3
   b - Fireball                       Conjuration/Fire             5
   c - Bolt of Fire                   Conjuration/Fire             6
   d - Ring of Flames                 Charms/Fire                  7
   e - Ignition                       Fire                         8
 L - a book of Conjurations

   Spells                             Type                      Level
   a - Magic Dart                     Conjuration                  1
   b - Searing Ray                    Conjuration                  2
   c - Dazzling Spray                 Conjuration/Hexes            3
   d - Fulminant Prism                Conjuration/Hexes            4
   e - Force Lance                    Conjuration/Translocation    4
   f - Iskenderun's Mystic Blast      Conjuration                  4
 O - the Incunabulum of Floating Enchantment
   (You found it in a labyrinth)

   Spells                             Type                      Level
   a - Confusing Touch                Hexes                        1
   b - Dazzling Spray                 Conjuration/Hexes            3
   c - Silence                        Hexes/Air                    5
   d - Invisibility                   Hexes                        6
 T - a book of Battle

   Spells                             Type                      Level
   a - Infusion                       Charms                       1
   b - Shroud of Golubria             Charms/Translocation         2
   c - Song of Slaying                Charms                       2
   d - Spectral Weapon                Hexes/Charms                 3
   e - Regeneration                   Charms/Necromancy            3
 V - a book of Cantrips

   Spells                             Type                      Level
   a - Confusing Touch                Hexes                        1
   b - Animate Skeleton               Necromancy                   1
   c - Summon Small Mammal            Summoning                    1
   d - Apportation                    Translocation                1
 X - a book of Enchantments

   Spells                             Type                      Level
   a - Cause Fear                     Hexes                        4
   b - Yara's Violent Unravelling     Hexes/Transmutation          5
   c - Silence                        Hexes/Air                    5
   d - Deflect Missiles               Charms/Air                   6
   e - Discord                        Hexes                        8
Miscellaneous
 c - a crystal ball of energy
 A - a lamp of fire
Comestibles
 J - 2 chunks of flesh
 R - 21 rations


   Skills:
 + Level 17.2 Fighting
 - Level 10.0 Dodging
 - Level 8.0 Stealth
 - Level 14.0 Spellcasting
 - Level 18.0 Conjurations
 - Level 2.1 Charms
 - Level 2.3 Necromancy
 - Level 2.0 Translocations
 - Level 6.0 Fire Magic
 - Level 4.0 Air Magic
 - Level 4.3 Evocations


You had one spell level left.
You knew the following spells:

 Your Spells              Type           Power        Failure   Level  Hunger
a - Magic Dart            Conj           ####         0%          1    None
b - Searing Ray           Conj           ######       0%          2    None
c - Iskenderun's Mystic   Conj           #######.     0%          4    None
d - Conjure Flame         Conj/Fire      #######.     1%          3    None
e - Blink                 Tloc           N/A          1%          2    None
f - Freezing Cloud        Conj/Ice/Air   ######....   4%          6    ####...
g - Regeneration          Chrm/Necr      ####......   2%          3    None
h - Bolt of Fire          Conj/Fire      #######...   1%          6    ####...
i - Orb of Destruction    Conj           #######...   1%          7    #####..
j - Slow                  Hex            ###.....     3%          2    None
k - Apportation           Tloc           ####..       1%          1    None
l - Summon Small Mammal   Summ           ###.         2%          1    None
m - Fireball              Conj/Fire      #######...   1%          5    None


Dungeon Overview and Level Annotations

Branches:
Dungeon (15/15)            Temple (1/1) D:7            Lair (6/6) D:9
  Swamp (3/4) Lair:3       Spider (2/4) Lair:4        Slime (0/5) Lair:6
    Orc (2/2) D:12            Elf (0/3) Orc:2        Vaults (0/5) D:13
 Depths (0/5) D:15

Altars:
Ashenzari
Cheibriados
Dithmenos
Elyvilon
Fedhas
Gozag
Hepliaklqana
Kikubaaqudgha
Makhleb
Nemelex Xobeh
Okawaru
Qazlal
Ru
Sif Muna
Trog
Uskayaw
Vehumet
Wu Jian
Xom
Yredelemnul
Zin
The Shining One
Beogh
Jiyva

Shops:
D:6 [   D:11 *   D:13 %!   D:14 *   Orc:1 }   Orc:2 (([[

Annotations:
Spider:2 Asterion


Innate Abilities, Weirdness & Mutations

You can breathe blasts of scalding, opaque steam.
Your pale cyan-grey scales are hard. (AC +9)
You cannot fit into any form of body armour.
You are cold-blooded and may be slowed by cold attacks.


Message History

You feel your power returning.
You feel very sick.
The wolf spider is engulfed in freezing vapours.
The wolf spider hits you!
* * * LOW HITPOINT WARNING * * *
The wolf spider misses you.
Unknown command.
You feel much better.
You feel very sick.
The wolf spider is engulfed in freezing vapours.
The jumping spider leaps!
The wolf spider hits you!
* * * LOW HITPOINT WARNING * * *
The wolf spider completely misses you.
Casting: Fireball
Confirm with . or Enter, or press ? or * to list all spells.
You blink.
* * * LOW HITPOINT WARNING * * *
You feel very sick. The wolf spider hits you!!
You die...

.......≈..?.††..#..........###^..
......##...†###....####..^..##≈.#
#####..#...s#.#......≈##....#####
#^.....##>§.#.....#.##^###.#≈≈##
##.........§#§.####.....####.#.##
.....##.#..#§§.#........###.....#
###..#......#..s.........#......#
..#.#..#...s#..s.####/####...####
..#.#####.s...s§@..^#.#.#....#.#.
....#....###......#........#.#...
...............#.##..........#..#
#.#..#............#...##..###....
#≈######........####...####......
.^.^....##....#....#..##......#..
...........#..#....#...........^#
...#...#...#..#..^.#....#########
..##..>#.#.#..##...^..###..#...^.


You could see 2 wolf spiders, a jumping spider, a tarantella and a redback.

Vanquished Creatures
  Nikola (Swamp:3)
  Rupert (Lair:4)
  Kirke (Lair:6)
  Donald (Spider:1)
  3 orc warlords (Orc:2)
  5 dire elephants (Lair:6)
  An ettin (D:15)
  A minotaur (Lab)
  Snorg (D:12)
  A fire dragon (Lair:2)
  12 hydras
  4 vault guards (D:13)
  The ghost of Zeloya the Destroyer, a journeyman KoAE of Hepliaklqana (Lair:1)
  2 ghost crabs
  4 centaur warriors
  An anaconda (Lair:6)
  15 two-headed ogres
  2 ogre magi (D:15)
  2 death yaks (Lair:5)
  A tengu warrior (D:13)
  5 alligators
  Urug (D:12)
  3 orc high priests
  11 slime creatures
  3 deep elf knights (D:14)
  4 skeletal warriors (D:14)
  An unseen horror (D:13)
  A sea snake (shapeshifter) (D:11)
  4 swamp dragons
  2 deep elf archers
  A wizard (D:13)
  11 orc knights
  4 deep elf magi (D:15)
  8 orb spiders
  9 wolf spiders
  2 wolf spider zombies
  16 ugly things
  2 salamanders (Volcano)
  2 orc sorcerers
  2 oklob plants
  7 cyclopes
  40 elephants
  A manticore (D:15)
  3 black mambas
  Psyche (D:10)
  Maurice (D:13)
  2 gargoyles
  13 spiny frogs
  3 centaur skeletons
  A torpor snail (Lair:5)
  2 rime drakes (Lair:6)
  4 demonic crawlers
  A yaktaur (D:15)
  A freezing wraith (D:14)
  9 komodo dragons
  2 efreet
  A troll (shapeshifter) (D:13)
  7 tyrant leeches
  6 trolls
  A tengu conjurer (D:13)
  2 polar bears
  A harpy zombie (D:14)
  13 jumping spiders
  4 hornets
  A harpy skeleton (D:15)
  7 dream sheep (Lair:6)
  A blink frog (Lair:1)
  15 hippogriffs
  A bog body (Swamp:2)
  A meliai zombie (D:12)
  2 vampires (D:14)
  A centaur simulacrum (D:14)
  11 tarantellas
  29 redbacks
  3 shadows
  2 spriggans
  A wyvern (D:10)
  10 hogs
  17 yaks
  3 basilisks
  2 humans
  7 fire bats (Volcano)
  Grum (D:8)
  9 vampire mosquitoes
  14 swamp worms
  8 wargs
  5 insubstantial wisps (Swamp:2)
  2 acid dragons (D:12)
  9 water moccasins
  8 porcupines
  2 ice beasts
  61 orc warriors
  A black bear (Lair:4)
  3 sky beasts
  11 ogres
  10 swamp drakes
  An eye of draining (D:15)
  19 wolves
  25 centaurs
  17 crocodiles
  3 big kobolds
  16 bullfrogs
  A gnoll sergeant (D:10)
  5 scorpions
  A wyvern skeleton (D:11)
  21 killer bees
  13 wights
  3 electric eels
  5 howler monkeys
  13 crimson imps
  6 jellies
  3 bullfrog zombies
  6 lava snakes (Volcano)
  A quasit (D:13)
  7 centaur zombies
  28 orc priests
  A bullfrog skeleton (D:6)
  3 hounds
  28 orc wizards
  3 iguanas
  7 worker ants
  A hound zombie (D:5)
  3 hound skeletons
  A worker ant zombie (D:5)
  Robin (D:3)
  8 gnolls
  13 adders
  2 river rats (Sewer)
  2 shadow imps
  An adder skeleton (D:9)
  An adder zombie (D:9)
  2 worms
  3 dart slugs
  3 leopard geckos
  137 orcs
  6 bats
  4 giant cockroaches
  16 goblins
  7 hobgoblins
  12 jackals
  3 quokkas
  4 frilled lizards
  16 kobolds
  A leopard gecko zombie (D:6)
  8 rats
  A butterfly (Lair:4)
  3 fulminant prisms (D:12)
  A fungus (Lair:6)
  4 plants
1036 creatures vanquished.

Vanquished Creatures (others)
  A jumping spider (Spider:1)
  An orc wizard (D:13)
  An orc (Orc:2)
  8 fulminant prisms
  33 fungi
  17 plants
61 creatures vanquished.

Grand Total: 1097 creatures vanquished

Notes
Turn   | Place    | Note
-------+----------+-------------------------------------------
     0 | D:1      | tilp the Draconian Conjurer began the quest for the Orb.
     0 | D:1      | Reached XP level 1. HP: 14/14 MP: 3/3
   353 | D:1      | Reached XP level 2. HP: 20/20 MP: 0/5
   357 | D:1      | Learned a level 2 spell: Searing Ray
  1075 | D:2      | Reached skill level 5 in Conjurations
  1075 | D:2      | Reached XP level 3. HP: 25/26 MP: 6/6
  1217 | D:2      | Found a glowing golden altar of the Shining One.
  1562 | D:2      | Reached XP level 4. HP: 33/33 MP: 2/7
  1907 | D:3      | Found a faded altar of an unknown god.
  1935 | D:3      | Reached skill level 6 in Conjurations
  1957 | D:3      | Reached XP level 5. HP: 27/38 MP: 2/8
  2020 | D:3      | Noticed Robin
  2031 | D:3      | Killed Robin
  2162 | D:3      | Found a glowing drain.
  2171 | Sewer    | Entered a sewer
  2312 | Sewer    | Reached skill level 7 in Conjurations
  2312 | Sewer    | Reached XP level 6. HP: 33/45 MP: 6/9
  2402 | Sewer    | Found a white marble altar of Elyvilon.
  2544 | D:3      | Learned a level 4 spell: Iskenderun's Mystic Blast
  2562 | D:3      | Found a shadowy altar of Dithmenos.
  3103 | D:4      | Found a snail-covered altar of Cheibriados.
  3304 | D:4      | Reached skill level 1 in Fighting
  3956 | D:5      | Entered Level 5 of the Dungeon
  3994 | D:5      | Noticed an ice beast
  4012 | D:5      | Killed an ice beast
  4012 | D:5      | Your scales start taking on a pale cyan-grey colour.
  4012 | D:5      | Reached XP level 7. HP: 55/55 MP: 3/11
  4091 | D:5      | Found a blossoming altar of Fedhas.
  5131 | D:6      | Reached XP level 8. HP: 66/66 MP: 12/14
  5151 | D:6      | Found a snail-covered altar of Cheibriados.
  5274 | D:6      | Found Gim Miwi's Antique Armour Shop.
  5759 | D:6      | Bought a glowing scarf for 152 gold pieces
  5892 | D:7      | Found an ornate altar of the Wu Jian Council.
  5942 | D:7      | Reached skill level 8 in Conjurations
  5961 | D:7      | Reached skill level 5 in Fighting
  6007 | D:6      | Reached skill level 5 in Spellcasting
  6107 | D:7      | Noticed a hippogriff
  6117 | D:7      | Killed a hippogriff
  6117 | D:7      | Reached skill level 9 in Conjurations
  6117 | D:7      | Reached XP level 9. HP: 65/75 MP: 10/16
  6180 | D:7      | Found a staircase to the Ecumenical Temple.
  6184 | Temple   | Entered the Ecumenical Temple
  6862 | D:7      | Found a radiant altar of Vehumet.
  6865 | D:7      | Found a snail-covered altar of Cheibriados.
  6869 | D:7      | Became a worshipper of Vehumet
  7090 | D:8      | Noticed Grum
  7095 | D:8      | Reached skill level 10 in Conjurations
  7258 | D:8      | Reached skill level 1 in Evocations
  7683 | D:8      | Noticed a two-headed ogre
  7688 | D:8      | Killed a two-headed ogre
  7688 | D:8      | Reached XP level 10. HP: 52/86 MP: 14/19
  7807 | D:8      | Reached skill level 11 in Conjurations
  8020 | D:8      | Killed Grum
  8095 | D:8      | Found a burning altar of Makhleb.
  8277 | D:8      | Learned a level 3 spell: Conjure Flame
  8280 | D:8      | Learned a level 2 spell: Blink
  8284 | D:8      | Learned a level 3 spell: Mephitic Cloud
  8373 | D:9      | Got a translucent falchion
  8374 | D:9      | Identified the +1 falchion "Dragonslayer" {flame, Dex+7} (You found it on level 9 of the Dungeon)
  8406 | D:9      | Noticed a two-headed ogre
  8411 | D:9      | Killed a two-headed ogre
  8583 | D:9      | Reached * piety under Vehumet
  8583 | D:9      | Offered knowledge of Sting by Vehumet.
  8837 | D:9      | Found a staircase to the Lair.
  9155 | D:10     | Entered Level 10 of the Dungeon
  9375 | D:10     | Found a portal to a secret trove of treasure.
  9449 | D:10     | Reached skill level 12 in Conjurations
  9737 | D:10     | Reached ** piety under Vehumet
  9737 | D:10     | Offered knowledge of Flame Tongue by Vehumet.
  9854 | D:10     | Noticed Psyche
  9861 | D:10     | Killed Psyche
  9936 | D:10     | Reached XP level 11. HP: 94/94 MP: 8/21
 10707 | D:11     | Noticed a white ugly thing
 10796 | D:11     | Offered knowledge of Static Discharge by Vehumet.
 10954 | D:11     | Killed a white ugly thing
 11025 | D:11     | Noticed a two-headed ogre
 11031 | D:11     | Killed a two-headed ogre
 11108 | D:11     | Noticed a two-headed ogre
 11111 | D:11     | Noticed a sea snake
 11119 | D:11     | Killed a sea snake
 11119 | D:11     | Reached skill level 13 in Conjurations
 11126 | D:11     | Killed a two-headed ogre
 11275 | D:11     | Reached *** piety under Vehumet
 11500 | D:11     | Found Xycu's Demolitions Depot.
 11623 | D:11     | Noticed a white ugly thing
 11629 | D:11     | Killed a white ugly thing
 11688 | D:11     | Offered knowledge of Inner Flame by Vehumet.
 12278 | D:11     | Learned a level 3 spell: Regeneration
 12350 | Lair:1   | Entered Level 1 of the Lair of Beasts
 12573 | Lair:1   | Reached skill level 1 in Necromancy
 12618 | Lair:1   | Reached skill level 14 in Conjurations
 12618 | Lair:1   | Reached skill level 1 in Charms
 12787 | Lair:1   | Noticed a five-headed hydra
 12796 | Lair:1   | Killed a four-headed hydra
 12871 | Lair:1   | Reached XP level 12. HP: 96/101 MP: 16/24
 12882 | Lair:1   | Noticed an eight-headed hydra
 13400 | Lair:1   | Noticed Zeloya's ghost (journeyman KoAE)
 13463 | Lair:1   | HP: 1/103 [eight-headed hydra (7)]
 13464 | Lair:1   | Killed an eight-headed hydra
 13464 | Lair:1   | Reached skill level 5 in Stealth
 13898 | Lair:2   | Reached **** piety under Vehumet
 14193 | Lair:2   | Reached skill level 5 in Dodging
 14489 | Lair:2   | Got a brightly glowing spear
 14504 | Lair:2   | Noticed a fire dragon
 14618 | Lair:2   | Offered knowledge of Lee's Rapid Deconstruction by Vehumet.
 14939 | Lair:3   | Found a dark tunnel.
 14974 | Volcano  | Entered a volcano
 15324 | Volcano  | Noticed a red draconian
 15857 | Lair:3   | Found a staircase to the Swamp.
 16041 | Lair:3   | Noticed an eight-headed hydra
 16057 | Lair:3   | Killed a five-headed hydra
 16283 | Lair:3   | Identified the +5 spear "Lifebane" {drain, Str+4 Int+4} (You found it on level 2 of the Lair of Beasts)
 16318 | Lair:3   | Reached skill level 10 in Fighting
 16393 | Lair:3   | Got a warped brass amulet
 16624 | Lair:4   | Noticed Rupert
 16738 | D:12     | Noticed Snorg
 16823 | D:12     | Killed Snorg
 17107 | D:12     | Found an opulent altar of Gozag.
 17142 | D:12     | Found a labyrinth entrance.
 17163 | Lab      | Entered a labyrinth
 17413 | Lab      | Noticed a minotaur
 17419 | Lab      | Killed a minotaur
 17419 | Lab      | Reached XP level 13. HP: 114/114 MP: 26/26
 17440 | Lab      | Identified the Incunabulum of Floating Enchantment
 17443 | Lab      | Identified Miapukun's Collected Works on Displacement
 17487 | D:12     | Reached ***** piety under Vehumet
 17490 | D:12     | Offered knowledge of Airstrike by Vehumet.
 17559 | D:12     | Found a staircase to the Orcish Mines.
 17704 | D:12     | Reached skill level 10 in Spellcasting
 17714 | D:12     | Noticed Urug
 17718 | D:12     | Learned a level 4 spell: Fulminant Prism
 18017 | D:12     | Identified the amulet "Miomnun" {+Rage Str+2 Dex+2} (You found it on level 3 of the Lair of Beasts)
 18314 | D:12     | Killed Urug
 18354 | Orc:1    | Entered Level 1 of the Orcish Mines
 18721 | D:12     | Learned a level 4 spell: Airstrike
 19265 | D:12     | Reached skill level 1 in Air Magic
 20138 | Orc:1    | Found Dydwun's Gadget Shop.
 20601 | Orc:2    | Entered Level 2 of the Orcish Mines
 20693 | Orc:1    | Offered knowledge of Orb of Destruction by Vehumet.
 20705 | Orc:1    | Learned a level 7 spell: Orb of Destruction
 20873 | Orc:2    | Found a roughly hewn altar of Beogh.
 20963 | Orc:2    | Found a roughly hewn altar of Beogh.
 21230 | Orc:2    | Found a roughly hewn altar of Beogh.
 21327 | Orc:2    | Found Hoegek's Armour Boutique.
 21362 | Orc:2    | Found a roughly hewn altar of Beogh.
 21453 | Orc:2    | Noticed an orc warlord
 21481 | Orc:2    | Killed an orc warlord
 21557 | Orc:2    | Paralysed by an orc sorcerer for 6 turns
 22210 | Orc:2    | Noticed an orc warlord
 22233 | Orc:2    | Killed an orc warlord
 22640 | Orc:2    | Found a staircase to the Elven Halls.
 22754 | Orc:2    | Noticed an orc warlord
 23171 | Orc:2    | Killed an orc warlord
 23171 | Orc:2    | Reached XP level 14. HP: 99/132 MP: 14/28
 23247 | Orc:2    | Found Callanet's Antique Weapon Boutique.
 23251 | Orc:2    | Found a roughly hewn altar of Beogh.
 23271 | Orc:2    | Found Massakhu's Antique Armour Shop.
 23526 | Orc:2    | Found a roughly hewn altar of Beogh.
 23554 | Orc:2    | Found Oriu's Weapon Boutique.
 23888 | Lair:4   | Killed Rupert
 24139 | Lair:4   | Found a hole to the Spider Nest.
 24877 | Lair:4   | Identified 2 scrolls of acquirement
 26054 | D:10     | You paid a toll of 2 scrolls of acquirement to enter a treasure trove
 26055 | Trove    | Entered a treasure trove
 26189 | D:11     | Bought a manual of Conjurations for 1656 gold pieces
 26714 | Lair:5   | Learned a level 2 spell: Slow
 27441 | Lair:6   | Entered Level 6 of the Lair of Beasts
 27822 | Lair:5   | Reached skill level 15 in Conjurations
 28258 | Lair:6   | Reached ****** piety under Vehumet
 28479 | Lair:6   | Learned a level 1 spell: Apportation
 28542 | Lair:6   | Offered knowledge of Bolt of Magma by Vehumet.
 28652 | Lair:6   | Found a staircase to the Slime Pits.
 28652 | Lair:6   | Found a viscous altar of Jiyva.
 28691 | Lair:6   | Noticed Kirke
 28815 | Lair:5   | Reached XP level 15. HP: 118/138 MP: 30/30
 28912 | Lair:6   | Killed Kirke
 29266 | Lair:6   | Reached skill level 16 in Conjurations
 30409 | Lair:6   | Learned a level 1 spell: Summon Small Mammal
 30411 | Lair:6   | Got a bloodstained mace
 30412 | Lair:6   | Identified the +4 mace "Wymiwom" {holy, +Inv rPois rC- Dex+4} (You found it on level 6 of the Lair of Beasts)
 30561 | Lair:1   | Killed Zeloya's ghost
 30857 | Lair:2   | Identified the Handbook of the Warped Frostbite
 31091 | D:13     | Found Bineepa's Distillery.
 31098 | D:13     | Bought a potion of degeneration for 14 gold pieces
 31277 | D:13     | Reached skill level 17 in Conjurations
 31678 | D:13     | Found Qimusauju's Food Emporium.
 31716 | D:13     | Noticed Maurice
 31719 | D:13     | Killed Maurice
 31832 | D:13     | Got a smoking glass ring
 31834 | D:13     | Identified the cursed ring of Palomiy {+Fly rPois rF- rC+++ Dex-5} (You took it off Maurice on level 13 of the Dungeon)
 32302 | D:13     | Found a gate to the Vaults.
 32703 | D:14     | Found a sparkling altar of Nemelex Xobeh.
 33175 | D:14     | Found Madaysyda's General Store.
 33187 | D:14     | Bought a scroll of identify for 20 gold pieces
 33187 | D:14     | Bought a scroll of identify for 20 gold pieces
 33248 | D:14     | Reached skill level 10 in Dodging
 33376 | D:14     | Reached skill level 18 in Conjurations
 33408 | D:14     | Reached skill level 1 in Fire Magic
 33624 | D:14     | Reached skill level 1 in Translocations
 34096 | D:14     | Found an iron altar of Okawaru.
 34217 | D:14     | Got a pair of dazzling gloves
 34228 | D:14     | Identified the +1 pair of gloves "Ketzi" {Int+7} (You found it on level 14 of the Dungeon)
 34338 | D:15     | Entered Level 15 of the Dungeon
 34870 | D:15     | Offered knowledge of Fireball by Vehumet.
 34877 | D:15     | Learned a level 5 spell: Fireball
 34895 | D:15     | Reached XP level 16. HP: 88/146 MP: 28/32
 35321 | D:15     | Found a staircase to the Depths.
 35644 | D:15     | Reached skill level 5 in Fire Magic
 36627 | D:15     | Reached skill level 15 in Fighting
 37368 | Swamp:1  | Entered Level 1 of the Swamp
 37476 | Swamp:1  | Offered knowledge of Conjure Ball Lightning by Vehumet.
 38105 | Swamp:1  | Learned a level 6 spell: Freezing Cloud
 38868 | Swamp:2  | HP: 4/149 [slime creature (6)]
 40153 | Swamp:3  | Paralysed by a hornet for 1 turns
 40268 | Swamp:3  | Noticed Nikola
 40982 | Swamp:3  | Killed Nikola
 41864 | Spider:1 | Entered Level 1 of the Spider Nest
 41968 | Lair:4   | Reached XP level 17. HP: 74/158 MP: 31/34
 42539 | Spider:1 | Got a steaming rapier
 42540 | Spider:1 | Identified the cursed +3 rapier of Precise Incision {pierce, *Noise +Blink Dex+6} (You found it on level 1 of the Spider Nest)
 42622 | Spider:1 | Noticed Donald
 42626 | Spider:1 | Killed Donald
 42626 | Spider:1 | Offered knowledge of Poison Arrow by Vehumet.
 42663 | Spider:1 | Got a heavily runed shield {Donald}
 42672 | Spider:1 | Identified the +4 shield "Utonom" {rC+ rCorr} (You took it off Donald on level 1 of the Spider Nest)
 43294 | D:11     | Bought a book of Fire for 975 gold pieces
 43305 | D:11     | Learned a level 6 spell: Bolt of Fire
 43489 | Spider:2 | Noticed Asterion
 44365 | Spider:1 | Slain by a wolf spider

Skill      XL: |  1  2  3  4  5  6  7  8  9 10 11 12 13 14 15 16 17 |
---------------+----------------------------------------------------+-----
Conjurations   | 5 6 7 9 10 12 14 15 18 | 18.0
Dodging        | 2 4 6 8 10 | 10.0
Fighting       | 2 4 5 7 8 10 14 16 17 | 17.2
Spellcasting   | 3 4 5 6 7 8 9 10 11 12 13 14 | 14.0
Evocations     | 3 4 |  4.3
Stealth        | 2 4 6 8 |  8.0
Necromancy     | 2 |  2.3
Charms         | 2 |  2.1
Air Magic      | 4 |  4.0
Fire Magic     | 3 6 |  6.0
Translocations | 2 |  2.0

Action                   |  1- 3 |  4- 6 |  7- 9 | 10-12 | 13-15 | 16-18 || total
-------------------------+-------+-------+-------+-------+-------+-------++-------
Melee: Unarmed           |     7 |       |       |       |       |       ||     7
       Hand axe          |     4 |       |       |       |       |       ||     4
       Tailslap          |     5 |    20 |    11 |    61 |   310 |   112 ||   519
       Dagger            |    38 |   173 |   133 |    19 |       |       ||   363
       Falchion          |       |       |       |   266 |       |       ||   266
       Spear             |       |       |       |    84 |  1991 |   714 ||  2789
       Staff             |       |       |       |       |       |    26 ||    26
       Eveningstar       |       |       |       |       |       |    14 ||    14
Throw: Throwing net      |       |       |       |     1 |       |       ||     1
 Cast: Magic Dart        |    27 |    11 |    22 |    99 |    90 |    35 ||   284
       Searing Ray       |     5 |    14 |    46 |   124 |    56 |    29 ||   274
       Conjure Flame     |       |       |       |    73 |   155 |    29 ||   257
       Mephitic Cloud    |       |       |       |     7 |     6 |       ||    13
       Iskenderun's Myst |       |       |       |    10 |    15 |       ||    25
       Blink             |       |       |       |     3 |    26 |    41 ||    70
       Regeneration      |       |       |       |     5 |    45 |    23 ||    73
       Orb of Destructio |       |       |       |       |    91 |    55 ||   146
       Airstrike         |       |       |       |       |     8 |       ||     8
       Fulminant Prism   |       |       |       |       |    11 |       ||    11
       Fireball          |       |       |       |       |       |    87 ||    87
       Freezing Cloud    |       |       |       |       |       |     9 ||     9
       Bolt of Fire      |       |       |       |       |       |     6 ||     6
 Abil: Breathe Steam     |       |       |    16 |    35 |    54 |     8 ||   113
Evoke: Wand              |       |       |       |     2 |    10 |     1 ||    13
       Lamp of fire      |       |       |       |     1 |     1 |     1 ||     3
  Use: Scroll            |       |    10 |     6 |    13 |    13 |     8 ||    50
       Potion            |       |       |       |     6 |     4 |    14 ||    24
 Stab: Sleeping          |     2 |     3 |       |     4 |    11 |     2 ||    22
       Confused          |       |       |       |     1 |     4 |       ||     5
       Distracted        |       |       |       |       |     1 |       ||     1
  Eat: Chunk             |     3 |     8 |    11 |    25 |    82 |    30 ||   159
       Ration            |       |       |     1 |     4 |     6 |     6 ||    17
Armor: Skin              |    13 |    70 |    65 |   260 |   810 |   389 ||  1607
Dodge: Dodged            |    42 |   104 |   150 |   466 |  1929 |   932 ||  3623
       Rpst.: Falchion   |       |       |       |   101 |       |       ||   101
